General information
- name: BNet
- type: Ladder team game (AT/RT)
- host: Battle.net
- saver: TheSmiths
map: Deadlands
- players: 8
- length: 41:28
- speed: Fast
- version: 1.26 W3XP
- replay type: Public
» download(271 KB)
Players
team 1 (loser)
Newbs (
orange | 45 APM | 1333 actions | 29:25)
6 Blademaster
3 Wind Walk
2 Critical Strike
1 Bladestorm
» actions
| Basic commands | 51 | |
| Build / train | 71 | |
| Enter build submenu | 14 | |
| Enter hero's abilities submenu | 6 | |
| Give item / drop item | 2 | |
| Right click | 742 | |
| Select / deselect | 313 | |
| Use ability | 134 | |
1333 total
» units
» upgrades
| Melee Weapons | 3 | |
| Armor | 3 | |
| Shaman Training | 2 | |
| Pillage | 1 | |
| Ensnare | 1 | |
| Reinforced Defenses | 1 | |
| Spiked Barricades | 1 | |
12 total
» buildings
| Altar of Storms | 1 | |
| Orc Burrow | 6 | |
| War Mill | 1 | |
| Voodoo Lounge | 1 | |
| Watch Tower | 1 | |
| Stronghold | 1 | |
| Fortress | 1 | |
| Spirit Lodge | 1 | |
| Beastiary | 2 | |
| Great Hall | 1 | |
16 total
» build order
00:25 Altar of Storms
00:40 Orc Burrow
00:58 War Mill
01:28 Voodoo Lounge
01:35 Orc Burrow
02:23 Watch Tower
03:02 Stronghold
03:27 Orc Burrow
05:25 Fortress
05:28 Spirit Lodge
06:57 Beastiary
06:59 Beastiary
08:08 Orc Burrow
12:49 Orc Burrow
12:53 Orc Burrow
20:51 Great Hall
» items
| Healing Salve | 2 | |
| Circlet of Nobility | 8 | |
| Boots of Speed | 1 | |
| Orb of Lightning | 1 | |
| Lesser Clarity Potion | 1 | |
13 total
TheSmiths (
yellow | 51 APM | 2120 actions | 41:28)
9 Archmage
3 Summon Water Elemental
3 Brilliance Aura
1 Mass Teleport
2 Blizzard
» actions
| Assign group hotkey | 43 | |
| Basic commands | 250 | |
| Build / train | 101 | |
| Enter build submenu | 55 | |
| Enter hero's abilities submenu | 9 | |
| Give item / drop item | 6 | |
| Right click | 711 | |
| Select / deselect | 489 | |
| Select group hotkey | 260 | |
| Use ability | 196 | |
2120 total
» units
| Peasant | 15 | |
| Footman | 4 | |
| Goblin Shredder | 1 | |
| Gryphon Rider | 8 | |
| Goblin Sapper | 2 | |
30 total
» upgrades
| Masonry | 3 | |
| Swords | 3 | |
| Armor | 3 | |
| Animal War Training | 1 | |
| Storm Hammers | 1 | |
| Cloud | 1 | |
12 total
» buildings
| Altar of Kings | 1 | |
| Barracks | 1 | |
| Farm | 6 | |
| Scout Tower | 46 | |
| Arcane Tower | 4 | |
| Lumber Mill | 1 | |
| Keep | 1 | |
| Town Hall | 3 | |
| Arcane Vault | 4 | |
| Guard Tower | 12 | |
| Castle | 1 | |
| Gryphon Aviary | 4 | |
| Blacksmith | 2 | |
86 total
» build order
00:37 Altar of Kings
00:38 Barracks
00:50 Farm
00:51 Farm
01:04 Farm
01:22 Scout Tower
02:04 Farm
02:13 Arcane Tower
02:14 Arcane Tower
02:14 Arcane Tower
03:31 Lumber Mill
03:56 Keep
04:40 Town Hall
04:41 Arcane Vault
04:43 Scout Tower
04:44 Scout Tower
04:44 Scout Tower
04:48 Scout Tower
04:51 Scout Tower
05:25 Guard Tower
06:49 Arcane Vault
07:05 Castle
08:18 Gryphon Aviary
08:19 Gryphon Aviary
08:22 Gryphon Aviary
08:25 Gryphon Aviary
08:28 Blacksmith
08:29 Blacksmith
08:54 Farm
09:08 Guard Tower
12:43 Scout Tower
12:44 Scout Tower
12:45 Scout Tower
12:46 Scout Tower
12:48 Scout Tower
12:49 Scout Tower
12:49 Scout Tower
12:50 Scout Tower
12:52 Scout Tower
12:53 Scout Tower
12:54 Scout Tower
13:27 Guard Tower
15:07 Guard Tower
19:42 Scout Tower
19:43 Scout Tower
19:44 Scout Tower
19:44 Scout Tower
19:44 Scout Tower
19:45 Scout Tower
20:55 Guard Tower
23:03 Town Hall
23:30 Arcane Vault
24:02 Scout Tower
24:02 Scout Tower
24:03 Scout Tower
24:05 Scout Tower
24:06 Scout Tower
24:06 Scout Tower
24:10 Scout Tower
24:10 Scout Tower
24:13 Scout Tower
24:13 Scout Tower
24:41 Guard Tower
25:01 Guard Tower
25:09 Guard Tower
25:14 Guard Tower
25:28 Guard Tower
25:52 Town Hall
26:04 Scout Tower
26:05 Scout Tower
26:05 Scout Tower
26:05 Scout Tower
26:07 Scout Tower
26:08 Scout Tower
26:08 Scout Tower
26:08 Scout Tower
26:12 Arcane Vault
27:23 Guard Tower
29:58 Guard Tower
30:30 Farm
» items
| Mechanical Critter | 4 | |
| Periapt of Vitality | 3 | |
| Scroll of Regeneration | 5 | |
| Potion of Healing | 6 | |
| Scroll of Town Portal | 5 | |
| Potion of Lesser Invulnerability | 2 | |
| Staff of Teleportation | 3 | |
| Boots of Speed | 1 | |
29 total
Phurious (
red | 27 APM | 1021 actions | 37:27)
5 Demon Hunter
3 Evasion
2 Mana Burn
2 Priestess of the Moon
1 Trueshot Aura
1 Searing Arrows
» actions
| Build / train | 116 | |
| Enter build submenu | 31 | |
| Enter hero's abilities submenu | 7 | |
| Remove unit from queue | 4 | |
| Right click | 495 | |
| Select / deselect | 318 | |
| Use ability | 50 | |
1021 total
» units
| Wisp | 54 | |
| Archer | 11 | |
| Hippogryph | 8 | |
| Faerie Dragon | 16 | |
89 total
» upgrades
| Nature's Blessing | 1 | |
| Strength of the Wild | 3 | |
| Reinforced Hides | 3 | |
7 total
» buildings
| Altar of Elders | 1 | |
| Moon Well | 8 | |
| Ancient of War | 1 | |
| Hunter's Hall | 1 | |
| Tree of Life | 3 | |
| Ancient Protector | 9 | |
| Tree of Ages | 1 | |
| Tree of Eternity | 1 | |
| Ancient of Wind | 4 | |
| Ancient of Wonders | 1 | |
30 total
» build order
00:13 Altar of Elders
00:23 Moon Well
00:37 Ancient of War
01:30 Moon Well
02:13 Hunter's Hall
03:01 Moon Well
06:09 Tree of Life
06:13 Ancient Protector
06:16 Ancient Protector
06:19 Ancient Protector
06:57 Ancient Protector
08:24 Tree of Ages
09:43 Ancient Protector
09:46 Ancient Protector
11:11 Ancient Protector
11:15 Ancient Protector
11:55 Ancient Protector
12:15 Tree of Eternity
12:26 Ancient of Wind
13:46 Ancient of Wonders
13:52 Tree of Life
15:09 Ancient of Wind
15:11 Ancient of Wind
15:13 Ancient of Wind
17:27 Moon Well
17:30 Moon Well
18:55 Moon Well
18:58 Moon Well
19:34 Tree of Life
20:31 Moon Well
» items

»
dr.shaw (
teal | 79 APM | 3253 actions | 41:18)
5 Demon Hunter
1 Immolation
3 Evasion
1 Mana Burn
4 Keeper of the Grove
2 Entangling Roots
2 Thorns Aura
» actions
| Assign group hotkey | 61 | |
| Basic commands | 292 | |
| Build / train | 101 | |
| ESC pressed | 9 | |
| Enter build submenu | 20 | |
| Enter hero's abilities submenu | 9 | |
| Give item / drop item | 7 | |
| Right click | 1194 | |
| Select / deselect | 602 | |
| Select group hotkey | 851 | |
| Use ability | 107 | |
3253 total
» units
| Wisp | 31 | |
| Archer | 6 | |
| Druid of the Claw | 4 | |
| Dryad | 11 | |
52 total
» upgrades
| Improved Bows | 1 | |
| Abolish Magic | 2 | |
| Druid of the Claw Training | 2 | |
| Mark of the Claw | 1 | |
| Ultravision | 1 | |
| Strength of the Wild | 1 | |
| Reinforced Hides | 1 | |
9 total
» buildings
| Altar of Elders | 1 | |
| Moon Well | 7 | |
| Ancient of War | 1 | |
| Tree of Ages | 1 | |
| Hunter's Hall | 1 | |
| Ancient of Wonders | 1 | |
| Tree of Eternity | 1 | |
| Ancient of Lore | 3 | |
| Tree of Life | 3 | |
19 total
» build order
00:11 Altar of Elders
00:18 Moon Well
00:32 Ancient of War
01:35 Moon Well
02:58 Tree of Ages
03:20 Moon Well
03:23 Hunter's Hall
04:17 Ancient of Wonders
05:19 Tree of Eternity
05:21 Ancient of Lore
05:23 Ancient of Lore
07:20 Moon Well
07:23 Moon Well
11:05 Tree of Life
12:08 Moon Well
12:08 Moon Well
13:26 Ancient of Lore
15:09 Tree of Life
20:22 Tree of Life
» items
| Lesser Clarity Potion | 1 | |
| Moonstone | 1 | |
| Scroll of Town Portal | 7 | |
| Orb of Venom | 4 | |
| Boots of Speed | 1 | |
| Potion of Lesser Invulnerability | 1 | |
| Scroll of Healing | 6 | |
| Scroll of Regeneration | 1 | |
| Potion of Healing | 2 | |
24 total
team 2 (winner)
donjohnrambo (
purple | 40 APM | 1656 actions | 40:54)
6 Blademaster
3 Critical Strike
2 Wind Walk
1 Bladestorm
» actions
| Assign group hotkey | 12 | |
| Basic commands | 1 | |
| Build / train | 70 | |
| Enter build submenu | 15 | |
| Enter hero's abilities submenu | 6 | |
| Give item / drop item | 6 | |
| Right click | 526 | |
| Select / deselect | 207 | |
| Select group hotkey | 716 | |
| Use ability | 97 | |
1656 total
» units
» upgrades
| Ranged Weapons | 3 | |
| Armor | 3 | |
| Envenomed Spears | 1 | |
| Reinforced Defenses | 1 | |
8 total
» buildings
| Altar of Storms | 1 | |
| Orc Burrow | 6 | |
| Voodoo Lounge | 1 | |
| War Mill | 1 | |
| Stronghold | 4 | |
| Beastiary | 2 | |
| Fortress | 1 | |
| Watch Tower | 2 | |
18 total
» build order
00:11 Altar of Storms
00:28 Orc Burrow
01:12 Voodoo Lounge
01:33 War Mill
02:03 Orc Burrow
02:46 Stronghold
02:46 Stronghold
02:46 Stronghold
03:26 Orc Burrow
03:53 Orc Burrow
05:13 Beastiary
05:21 Beastiary
05:41 Fortress
07:18 Orc Burrow
10:24 Watch Tower
10:26 Watch Tower
10:57 Orc Burrow
» items
| Healing Salve | 6 | |
| Scroll of Speed | 2 | |
| Potion of Healing | 3 | |
| Boots of Speed | 2 | |
| Scroll of Healing | 1 | |
| Scroll of Town Portal | 2 | |
| Lesser Clarity Potion | 3 | |
| Tiny Great Hall | 1 | |
20 total
0O0O0O0O0O0OO (
blue | 91 APM | 3757 actions | 41:28)
8 Archmage
2 Summon Water Elemental
3 Brilliance Aura
2 Blizzard
1 Mass Teleport
» actions
| Assign group hotkey | 121 | |
| Basic commands | 141 | |
| Build / train | 300 | |
| ESC pressed | 7 | |
| Enter build submenu | 75 | |
| Enter hero's abilities submenu | 8 | |
| Give item / drop item | 8 | |
| Remove unit from queue | 1 | |
| Right click | 1303 | |
| Select / deselect | 578 | |
| Select group hotkey | 917 | |
| Use ability | 298 | |
3757 total
» units
| Peasant | 13 | |
| Footman | 5 | |
| Goblin Zeppelin | 3 | |
| Goblin Shredder | 7 | |
| Sorceress | 2 | |
| Mortar Team | 12 | |
| Flying Machine | 15 | |
57 total
» upgrades
| Defend | 1 | |
| Masonry | 3 | |
| Gunpowder | 3 | |
| Armor | 3 | |
| Sorceress Training | 2 | |
| Fragmentation Shards | 1 | |
| Flare | 1 | |
| Animal War Training | 1 | |
| Priest Training | 2 | |
| Flak Cannons | 1 | |
| Lumber Harvesting | 2 | |
| Storm Hammers | 1 | |
| Swords | 3 | |
| Cloud | 1 | |
| Flying Machine Bombs | 2 | |
| Plating | 3 | |
| Barrage | 1 | |
| Magic Sentry | 1 | |
| Control Magic | 1 | |
| Backpack | 1 | |
| Long Rifles | 1 | |
35 total
» buildings
| Barracks | 1 | |
| Altar of Kings | 1 | |
| Farm | 10 | |
| Arcane Vault | 1 | |
| Lumber Mill | 1 | |
| Town Hall | 1 | |
| Scout Tower | 46 | |
| Guard Tower | 112 | |
| Arcane Tower | 5 | |
| Keep | 4 | |
| Blacksmith | 1 | |
| Workshop | 5 | |
| Arcane Sanctum | 1 | |
| Castle | 3 | |
| Gryphon Aviary | 3 | |
195 total
» build order
00:32 Barracks
00:34 Altar of Kings
00:50 Farm
01:07 Farm
02:08 Farm
02:11 Farm
02:25 Arcane Vault
03:24 Lumber Mill
04:08 Town Hall
04:11 Scout Tower
04:13 Scout Tower
04:15 Scout Tower
04:19 Scout Tower
04:22 Scout Tower
04:41 Farm
04:50 Guard Tower
04:50 Guard Tower
04:50 Guard Tower
05:21 Scout Tower
05:28 Scout Tower
05:30 Guard Tower
05:31 Guard Tower
05:50 Arcane Tower
05:50 Arcane Tower
05:55 Arcane Tower
05:56 Arcane Tower
06:40 Guard Tower
06:40 Guard Tower
07:05 Keep
07:05 Keep
07:09 Blacksmith
09:47 Workshop
09:49 Workshop
09:51 Arcane Sanctum
10:13 Castle
10:13 Castle
11:10 Workshop
13:15 Scout Tower
13:17 Scout Tower
13:17 Scout Tower
13:38 Scout Tower
13:47 Guard Tower
14:26 Guard Tower
14:26 Guard Tower
14:27 Guard Tower
14:27 Guard Tower
14:28 Scout Tower
14:29 Scout Tower
14:30 Scout Tower
14:55 Guard Tower
15:04 Gryphon Aviary
15:06 Gryphon Aviary
15:08 Gryphon Aviary
15:54 Guard Tower
15:54 Guard Tower
15:54 Guard Tower
15:54 Guard Tower
17:56 Scout Tower
17:57 Scout Tower
18:01 Scout Tower
18:02 Scout Tower
18:39 Guard Tower
18:39 Guard Tower
18:39 Guard Tower
19:18 Guard Tower
19:18 Guard Tower
20:47 Scout Tower
20:49 Scout Tower
20:50 Scout Tower
21:21 Guard Tower
21:21 Guard Tower
21:22 Guard Tower
21:22 Guard Tower
21:25 Guard Tower
21:26 Guard Tower
21:27 Guard Tower
21:28 Guard Tower
21:28 Guard Tower
23:06 Scout Tower
23:06 Scout Tower
23:09 Scout Tower
23:10 Scout Tower
23:38 Guard Tower
23:39 Guard Tower
23:39 Guard Tower
23:39 Guard Tower
23:43 Scout Tower
23:44 Scout Tower
23:52 Scout Tower
23:53 Scout Tower
24:06 Farm
24:07 Farm
24:18 Farm
24:48 Guard Tower
25:03 Guard Tower
25:03 Guard Tower
25:19 Scout Tower
25:20 Scout Tower
25:22 Scout Tower
25:27 Scout Tower
25:42 Scout Tower
25:44 Scout Tower
25:46 Scout Tower
25:48 Scout Tower
25:51 Guard Tower
25:51 Guard Tower
25:51 Guard Tower
25:52 Guard Tower
25:53 Guard Tower
25:53 Guard Tower
25:55 Scout Tower
25:57 Scout Tower
26:11 Guard Tower
26:18 Guard Tower
26:19 Guard Tower
26:19 Guard Tower
26:20 Scout Tower
26:23 Scout Tower
26:24 Guard Tower
26:24 Guard Tower
26:26 Guard Tower
26:29 Scout Tower
26:51 Guard Tower
26:51 Guard Tower
26:52 Guard Tower
26:52 Guard Tower
26:52 Guard Tower
26:52 Guard Tower
26:53 Guard Tower
26:53 Guard Tower
26:55 Guard Tower
26:55 Guard Tower
26:55 Guard Tower
26:55 Guard Tower
26:56 Guard Tower
26:57 Guard Tower
27:11 Guard Tower
27:11 Guard Tower
28:24 Scout Tower
28:25 Scout Tower
28:26 Scout Tower
28:27 Scout Tower
28:50 Guard Tower
28:50 Guard Tower
28:50 Guard Tower
28:51 Guard Tower
28:51 Guard Tower
28:51 Guard Tower
32:12 Farm
32:14 Farm
35:24 Workshop
35:25 Workshop
38:06 Guard Tower
38:06 Guard Tower
38:06 Guard Tower
» items
| Scroll of Regeneration | 7 | |
| Mechanical Critter | 7 | |
| Lesser Clarity Potion | 1 | |
| Periapt of Vitality | 1 | |
| Staff of Teleportation | 1 | |
| Tome of Retraining | 1 | |
| Potion of Invisibility | 1 | |
| Scroll of Town Portal | 3 | |
| Staff of Sanctuary | 1 | |
| Ivory Tower | 2 | |
| Potion of Healing | 1 | |
26 total
SHIRTWEATER. (
pink | 47 APM | 1965 actions | 41:28)
7 Archmage
3 Blizzard
3 Brilliance Aura
1 Mass Teleport
» actions
| Assign group hotkey | 33 | |
| Basic commands | 12 | |
| Build / train | 77 | |
| Enter build submenu | 22 | |
| Enter hero's abilities submenu | 7 | |
| Give item / drop item | 3 | |
| Right click | 795 | |
| Select / deselect | 248 | |
| Select group hotkey | 648 | |
| Use ability | 120 | |
1965 total
» units
| Peasant | 11 | |
| Gryphon Rider | 9 | |
| Siege Engine | 3 | |
| Flying Machine | 7 | |
| Goblin Zeppelin | 1 | |
31 total
» upgrades
| Lumber Harvesting | 2 | |
| Masonry | 3 | |
| Swords | 2 | |
| Armor | 2 | |
| Storm Hammers | 1 | |
| Animal War Training | 1 | |
| Cloud | 1 | |
| Barrage | 1 | |
13 total
» buildings
| Altar of Kings | 2 | |
| Keep | 1 | |
| Farm | 13 | |
| Scout Tower | 3 | |
| Arcane Tower | 3 | |
| Arcane Vault | 1 | |
| Lumber Mill | 1 | |
| Blacksmith | 1 | |
| Castle | 1 | |
| Gryphon Aviary | 3 | |
| Guard Tower | 2 | |
| Barracks | 1 | |
| Town Hall | 2 | |
| Workshop | 2 | |
36 total
» build order
01:23 Altar of Kings
01:49 Keep
01:51 Farm
02:15 Scout Tower
02:35 Farm
03:02 Arcane Tower
03:02 Arcane Tower
03:08 Arcane Vault
03:14 Lumber Mill
03:51 Blacksmith
05:49 Castle
06:29 Gryphon Aviary
06:32 Gryphon Aviary
06:45 Scout Tower
07:02 Farm
07:02 Farm
07:02 Farm
07:03 Farm
07:03 Farm
07:20 Guard Tower
09:40 Barracks
13:24 Gryphon Aviary
20:00 Scout Tower
20:22 Guard Tower
20:36 Town Hall
22:20 Town Hall
24:00 Workshop
24:30 Workshop
24:34 Farm
24:34 Farm
24:35 Farm
27:03 Farm
27:03 Farm
28:36 Altar of Kings
28:37 Farm
» items
| Scroll of Regeneration | 5 | |
| Mechanical Critter | 1 | |
| Staff of Teleportation | 1 | |
| Boots of Speed | 1 | |
| Potion of Lesser Invulnerability | 1 | |
| Lesser Clarity Potion | 1 | |
| Scroll of Town Portal | 5 | |
| Staff of Sanctuary | 1 | |
| Potion of Healing | 1 | |
| Potion of Invisibility | 1 | |
18 total

»
feonit (
green | 66 APM | 1540 actions | 23:16)
5 Paladin
1 Holy Light
3 Devotion Aura
1 Divine Shield
2 Archmage
1 Summon Water Elemental
1 Blizzard
» actions
| Assign group hotkey | 58 | |
| Basic commands | 54 | |
| Build / train | 74 | |
| ESC pressed | 2 | |
| Enter build submenu | 28 | |
| Enter hero's abilities submenu | 8 | |
| Give item / drop item | 2 | |
| Right click | 447 | |
| Select / deselect | 332 | |
| Select group hotkey | 449 | |
| Use ability | 86 | |
1540 total
» units
| Peasant | 17 | |
| Footman | 8 | |
| Rifleman | 11 | |
| Goblin Shredder | 1 | |
| Sorceress | 6 | |
43 total
» upgrades
| Swords | 2 | |
| Defend | 1 | |
| Plating | 2 | |
| Gunpowder | 1 | |
| Long Rifles | 1 | |
| Armor | 1 | |
8 total
» buildings
| Altar of Kings | 1 | |
| Barracks | 1 | |
| Farm | 8 | |
| Blacksmith | 1 | |
| Scout Tower | 6 | |
| Arcane Vault | 2 | |
| Keep | 1 | |
| Arcane Tower | 1 | |
| Lumber Mill | 1 | |
| Arcane Sanctum | 2 | |
| Guard Tower | 1 | |
| Workshop | 2 | |
27 total
» build order
00:11 Altar of Kings
00:25 Barracks
00:53 Farm
01:09 Farm
01:44 Farm
02:23 Blacksmith
02:55 Farm
04:52 Scout Tower
04:59 Scout Tower
05:03 Scout Tower
05:13 Farm
05:17 Arcane Vault
07:26 Keep
09:27 Scout Tower
09:30 Scout Tower
09:34 Scout Tower
10:00 Arcane Tower
10:04 Lumber Mill
10:13 Arcane Sanctum
10:16 Arcane Sanctum
11:09 Guard Tower
11:36 Farm
11:39 Farm
11:41 Farm
13:05 Workshop
13:11 Workshop
18:51 Arcane Vault
» items
| Scroll of Regeneration | 4 | |
| Lesser Clarity Potion | 1 | |
| Scroll of Town Portal | 3 | |
| Potion of Healing | 3 | |
11 total
Chat log
(00:22 / Allies) Newbs: C c
(00:42 / All) SHIRTWEATER.: 1 more guys? he wants u sto search one more
(01:13 / All) Newbs: make more sense newb
(02:03 / All) SHIRTWEATER.: no
(02:05 / All) SHIRTWEATER.: stay
(02:18 / All) 0O0O0O0O0O0OO: damn
(02:29 / All) SHIRTWEATER.: he said he liked our market square game with perfection thought it was funny
(02:42 / All) SHIRTWEATER.: my bad
(04:44 / Allies) dr.shaw: go again
(08:27 / All) SHIRTWEATER.: rofl red
(08:38 / All) feonit: pink noob
(08:52 / All) SHIRTWEATER.: once again i get called noob when i kill an enemy hero
(08:55 / All) SHIRTWEATER.: something green never did
(09:18 / Allies) Phurious: kill tower
(10:06 / Allies) dr.shaw: gold me
(10:08 / Allies) dr.shaw: yellow
(10:23 / Allies) dr.shaw: gold me i wood u
(12:16 / All) feonit: stuped solo creepers
(12:58 / All) TheSmiths: green wants to creep as team?
(13:11 / All) SHIRTWEATER.: wat
(17:07 / All) Newbs: yellow is retarded
(17:13 / All) SHIRTWEATER.: how so
(17:14 / All) 0O0O0O0O0O0OO: you got raped
(17:16 / All) Newbs: 7000 gold
(17:18 / All) 0O0O0O0O0O0OO: don't sweat it
(17:29 / Allies) TheSmiths: you got 270
(17:32 / All) Newbs: yellow is gimp
(17:34 / Allies) TheSmiths: seems like you're way dumber
(17:42 / All) 0O0O0O0O0O0OO: you're my gimp, bitch
(17:44 / All) Newbs: how you mass 7000 gold
(17:52 / Allies) TheSmiths: by mining it
(18:22 / All) Newbs: red and yellow have 9000 Combined
(18:25 / All) Newbs: retards
(18:35 / All) 0O0O0O0O0O0OO: me and pink have 12k combined
(19:21 / All) Newbs: retards are out in full force today
(19:23 / All) feonit: team total noob solo
(19:25 / All) Newbs: gimp day
(19:37 / All) 0O0O0O0O0O0OO: when you're in the game you're gimped any day
(19:42 / All) 0O0O0O0O0O0OO: no need for gimp day to make a gimp out of Newbs
(22:08 / All) SHIRTWEATER.: biatch
(22:35 / Allies) Phurious: gold plz
(22:45 / All) feonit: total noobs
(23:32 / All) Newbs: My team bad, yours is worse
(23:42 / All) TheSmiths: orangei s worst lol
(23:48 / All) TheSmiths: doesn't even have a base lol
(23:57 / All) TheSmiths: orange had 270 gold what a scrub lol
(24:14 / Allies) Phurious: gold please
(24:23 / Allies) TheSmiths: orange give him some gold
(24:50 / All) SHIRTWEATER.: gg teal hall
(24:54 / All) Newbs: you all had it won easy
(25:06 / All) 0O0O0O0O0O0OO: still do
(25:08 / All) 0O0O0O0O0O0OO: ;)
(25:19 / All) Newbs: yellow will Cloud with hawks
(25:23 / Allies) Phurious: gold please
(25:26 / All) Newbs: your towers are useless
(25:30 / All) 0O0O0O0O0O0OO: lol
(25:31 / All) 0O0O0O0O0O0OO: ok
(25:36 / Allies) Phurious: orange...can I have 400 plz
(25:47 / Allies) TheSmiths: orange you got a mouth on you
(25:54 / Allies) Newbs: hush newb
(25:56 / Allies) Phurious: tx
(26:05 / Allies) Newbs: I sacrificed My raiders
(26:08 / Allies) Newbs: for the win
(27:18 / Allies) Newbs: six year old newb
(27:19 / Allies) TheSmiths: don't make me get more heroes noewbie
(28:01 / All) TheSmiths: jerk
(28:22 / Allies) Phurious: 200 gold plz
(28:42 / Allies) Phurious: 200g
(29:07 / Allies) TheSmiths: see ya around newbie
(29:10 / Allies) Newbs: change your account name
(29:14 / Allies) Newbs: you won't need it
(29:20 / Allies) TheSmiths: lol
(29:25 / Allies) TheSmiths: you gonna get me back someday faggot?
(31:56 / All) TheSmiths: teal is tk
(32:00 / Allies) Phurious: can I have 200 gold please
(32:07 / Allies) TheSmiths: ask teal the tk
(32:33 / Allies) Phurious: seriously...i don't get it
(33:15 / All) TheSmiths: AAARRRRAAABIIIIAAANNN NIGHTS
(33:19 / Allies) Phurious: absolutely hilarious that we're going to lose this game
(34:49 / All) 0O0O0O0O0O0OO: damn would've completely won that if I remembered iron plating
(35:33 / Allies) TheSmiths: whoooooopppppss
(35:38 / All) Phurious: you're going to win due to a bunch of selfish players
(35:40 / Allies) TheSmiths: misclicked, the msot solemn earnest
(35:43 / All) SHIRTWEATER.: CRYYYYYYYYY
(35:46 / All) SHIRTWEATER.: WAHHHHHHHH
(35:47 / All) 0O0O0O0O0O0OO: crybaby!
(35:54 / All) SHIRTWEATER.: RED got owned
(35:58 / All) Phurious: it's reality...17k gold
(36:07 / All) Phurious: make that 20k gold
(36:19 / All) TheSmiths: jealous?
(36:34 / All) TheSmiths: One oughtn't covet thy neighbors things
(36:35 / All) Phurious: nah...just find it interesting
(36:50 / All) SHIRTWEATER.: u should know we put u in a standoff before
(38:56 / All) 0O0O0O0O0O0OO: Alright purple, teal listen up
(39:03 / All) 0O0O0O0O0O0OO: pink, yellow and me are going to kill all our units
(39:10 / All) 0O0O0O0O0O0OO: then you two will have no way to kill the other
(39:15 / All) 0O0O0O0O0O0OO: and will have to leave your PCs on all night for the win
(39:17 / All) 0O0O0O0O0O0OO: sound fair?
(39:23 / All) 0O0O0O0O0O0OO: will you leave your computers on all night for the win?
(39:36 / All) 0O0O0O0O0O0OO: teal, purple?
(40:02 / All) 0O0O0O0O0O0OO: Teal, purple
(40:07 / All) 0O0O0O0O0O0OO: Will you two stay for our mexican standoff?
(40:57 / All) 0O0O0O0O0O0OO: bad luck
(41:00 / All) 0O0O0O0O0O0OO: for you
(41:01 / All) 0O0O0O0O0O0OO: teal
(41:04 / All) TheSmiths: Yeah
(41:08 / All) TheSmiths: We hate to be the bearers of bad news
(41:12 / All) TheSmiths: But you gotta lose
(41:14 / All) TheSmiths: Thems the breaks
(41:18 / All) TheSmiths: Plug pulling at the right time!
(41:26 / All) TheSmiths: newbs lsoe
(41:27 / All) 0O0O0O0O0O0OO: Who lose?